 Dungeon Crawl Stone Soup version 0.18.1-50-g88ac8fd (webtiles) character file.

126 sleepydude the Skirmisher (level 5, 0/33 HPs)
             Began as a Gargoyle Fighter on Oct 4, 2016.
             Killed from afar by Blork the orc (10 damage)
             ... with a puff of flame
             ... on level 4 of the Dungeon.
             The game lasted 00:11:06 (3513 turns).

sleepydude the Skirmisher (Gargoyle Fighter)        Turns: 3513, Time: 00:11:07

Health: 0/33       AC: 12    Str: 20    XL:     5   Next: 9%
Magic:  5/5        EV:  7    Int:  8    God:
Gold:   171        SH:  9    Dex: 10    Spells: 0 memorised, 4 levels left

rFire  . . .     SeeInvis .     a - +0 flail
rCold  . . .     Gourm    .     b - +0 scale mail
rNeg   + . .     Faith    +     c - +0 shield
rPois  ∞         Spirit   .     (no helmet)
rElec  +         Dismiss  .     (no cloak)
rCorr  .         Reflect  .     w - +0 pair of gloves
SustAt .         Harm     .     (no boots)
MR     .....                    k - amulet of faith
Stlth  ..........               (no ring)
                                (no ring)

@: not resistant to hostile enchantments, extremely unstealthy
A: negative energy resistance 1, electricity resistance, unbreathing,
petrification resistance, rot immunity, AC +4
a: no special abilities


You were on level 4 of the Dungeon.
You were not hungry.

You visited 1 branch of the dungeon, and saw 4 of its levels.

You collected 171 gold pieces.

Inventory:

Hand Weapons
 a - a +0 flail (weapon)
Armour
 b - a +0 scale mail (worn)
 c - a +0 shield (worn)
 w - a +0 pair of gloves (worn)
Jewellery
 k - an amulet of faith (around neck)
Wands
 y - a wand of paralysis (9/24)
Scrolls
 h - a scroll of recharging {unknown}
 j - 5 scrolls of identify {unknown}
 l - 3 scrolls of remove curse {unknown}
 m - a scroll of noise {unknown}
 n - 2 scrolls of blinking {unknown}
 q - a scroll of fog {unknown}
 r - a scroll of random uselessness {unknown}
 t - 2 scrolls of immolation {unknown}
 x - a scroll of amnesia {unknown}
Potions
 d - 2 potions of might
 e - a potion of brilliance {unknown}
 g - a potion of heal wounds {unknown}
 i - 3 potions of curing {unknown}
 o - a potion of lignification {unknown}
 s - a potion of agility {unknown}
 u - a potion of degeneration {unknown}
 v - a potion of cancellation {unknown}
Comestibles
 f - 4 bread rations
 p - 2 meat rations


   Skills:
 + Level 4.1 Fighting
 * Level 3.5 Maces & Flails
 + Level 3.8 Armour
 + Level 4.1 Shields


You had 4 spell levels left.
You didn't know any spells.

Dungeon Overview and Level Annotations

Branches:
Dungeon (4/15)
 Temple: D:4-7

Altars:

Annotations:
D:4 Blork the orc


Innate Abilities, Weirdness & Mutations

You are resistant to torment.
Your stone body is resilient (AC +4).
You are immune to poison.
You resist negative energy.
You are resistant to electric shocks.
You can survive without breathing.
You are immune to petrification.
You are immune to rotting.


Message History

f - 4 bread rations (gained 1)
Found a stone staircase leading down.
Blork the orc comes into view.
He is wielding a long sword.
Blork the orc shouts!
Blork the orc moves out of view.
Blork the orc is too close now for your liking.
Blork the orc mumbles some strange words.
Blork the orc seems to speed up.
Blork the orc looks braver for a moment.
Blork the orc gestures at you while chanting.
The puff of frost hits you!
You barely miss Blork the orc.
Blork the orc hits you with a long sword.
Blork the orc gestures at you while chanting.
The puff of frost hits you!
* * * LOW HITPOINT WARNING * * *
You block Blork the orc's attack.
Blork the orc points at you and mumbles some strange words.
The puff of flame hits you!
You die...

#### #### #<.. #?.
#.## #. #.### #.#
#...#####.#.# #.##
#.......o...# #...
##..#####.#.# #### #.
#@# ..
#########.#######
#.........#.....##.#
#.#######.#.###.##.#
#>..........##.#
#.#.#.#.###..#.#
#.#.#.#.# #..#.#
#.#.#.#.# #..#.#
#...#.#.###..#.#######


You could see Blork the orc.

Vanquished Creatures
  A gnoll (D:1)
  4 adders
  A shadow imp (D:3)
  An adder skeleton (D:3)
  2 worms
  3 dart slugs
  2 giant geckos
  A ball python (D:1)
  13 bats
  3 giant cockroaches
  3 goblins
  6 hobgoblins
  3 jackals (D:2)
  4 kobolds
  8 giant newts
  6 rats
61 creatures vanquished.

Notes
Turn   | Place    | Note
--------------------------------------------------------------
     0 | D:1      | sleepydude the Gargoyle Fighter began the quest for the Orb.
     0 | D:1      | Reached XP level 1. HP: 14/14 MP: 1/1
   136 | D:1      | Reached XP level 2. HP: 18/19 MP: 2/2
   898 | D:1      | Reached XP level 3. HP: 22/23 MP: 3/3
  1627 | D:2      | Reached XP level 4. HP: 25/29 MP: 4/4
  2925 | D:3      | Reached XP level 5. HP: 32/33 MP: 5/5
  3504 | D:4      | Noticed Blork the orc
  3513 | D:4      | Killed from afar by Blork the orc

Skill      XL: |  1  2  3  4 |
---------------+-------------+-----
Maces & Flails | 3 |  3.5
Fighting       | 4 |  4.1
Shields        | 4 |  4.1
Armour         | |  3.8

Action                   |  1- 3 |  4- 6 || total
-------------------------+-------+-------++-------
Melee: Flail             |   178 |   127 ||   305
  Eat: Chunk             |     3 |     1 ||     4
       Bread ration      |       |     1 ||     1
Armor: Scale mail        |   145 |    69 ||   214
Dodge: Dodged            |    74 |    30 ||   104
Block: Shield            |   140 |    55 ||   195
